Whale vs Americans

Created - Tuesday, November 25, 2014 at 21:41

Goals
1 2 3 OT1 T
Whale 0 1 0 0 1
Americans 0 1 0 1 2
Shots
1 2 3 OT1 T
Whale 4 18 10 1 33
Americans 5 12 15 5 37

1st period

No Goal

Penalties :
Nick Cousins (RCH) for High sticking (Minor) at 5:22

2nd period

1. Americans , Rasmus Ristolainen 25 (Doug Janik, Kevin Sundher) at 1:25
2. Whale , Colin Fraser 3 (Nick Tarnasky, Radek Dvorak) at 11:49 (PP)

Penalties :
Farm Player8 (RCH) for Holding (Minor) at 3:47, Jerome Samson (RCH) for Goalie Interference (Minor) at 9:56, Dylan DeMelo (RCH) for Slashing (Minor) at 12:52, Denis Grebeshkov (CON) for Hooking (Minor) at 16:04

3rd period

No Goal

Penalties :
Kale Kessy (RCH) for Fighting (Major) at 1:59, Justin Falk (CON) for Fighting (Major) at 1:59, Brent Regner (CON) for Holding (Minor) at 5:35, Mike Hedden (CON) for Hooking (Minor) at 16:57

Overtime #1

3. Americans , Jerome Samson 2 (Rasmus Ristolainen) at 3:10

Penalties :
No Penalty

Goalie Stats

Dustin Tokarski (CON), 35 saves from 37 shots - (0.946), OTL, 0-0-2, 63:10 minutes
Petr Mrazek (RCH), 32 saves from 33 shots - (0.970), W, 14-2-1, 63:10 minutes

Players Stats for Whale

Player Name              G  A  P  +/- PIM S  H  SB GA TA FO     MP     PP MP  PK MP  
------------------------------------------------------------------------------------
Brendan Ranford          0  0  0  -1  0   5  2  0  5  0  0/0    15:02   0:23   0:00 
Brennan Evans            0  0  0   0  0   0  0  0  0  0  0/0     0:24   0:00   0:24 
Brent Regner             0  0  0   0  2   1  0  2  1  1  0/0    16:40   0:00   2:20 
Chris McKelvie           0  0  0  -1  0   0  0  0  1  0  6/10   14:28   0:00   0:22 
Colin Fraser             1  0  1  -1  0   3  3  1  2  0  7/14   23:00   4:02   5:09 
Dallas Jackson           0  0  0   0  0   0  1  0  1  1  0/0    20:51   3:39   1:38 
Denis Grebeshkov         0  0  0  -1  2   0  1  0  0  2  0/0    20:55   4:10   1:25 
Derek Nesbitt            0  0  0   0  0   1  0  1  0  0  0/0     6:27   0:00   0:00 
James Livingston         0  0  0  -1  0   0  2  1  1  0  2/2    16:44   0:00   1:47 
Jay Rosehill             0  0  0   0  0   1  2  0  0  0  0/1     8:15   0:00   0:00 
Jon Sim                  0  0  0   0  0   6  2  0  6  0  0/0    18:22   3:24   0:00 
Justin Falk              0  0  0  -2  5   2  2  6  2  4  0/0    25:55   4:10   2:56 
Kelly Zajac              0  0  0   0  0   1  1  0  0  0  12/14  18:22   3:24   0:00 
Mike Hedden              0  0  0   0  2   7  1  1  7  0  0/0    19:23   3:24   0:11 
Mike Moore               0  0  0  -1  0   2  0  0  0  2  0/0    16:56   0:00   1:35 
Nick Tarnasky            0  1  1   0  0   3  1  1  2  2  1/3    15:38   4:25   0:27 
Radek Dvorak             0  1  1  -1  0   1  0  0  3  2  8/14   24:37   4:25   3:58 
Taylor Chorney           0  0  0   0  0   0  0  4  0  0  0/0    24:37   3:39   1:38 

Players Stats for Americans

Player Name              G  A  P  +/- PIM S  H  SB GA TA FO     MP     PP MP  PK MP  
------------------------------------------------------------------------------------
Christopher Breen        0  0  0   0  0   0  1  0  0  0  0/0     6:35   0:00   0:22 
Davis Drewiske           0  0  0   0  0   0  0  0  1  2  0/0    10:11   0:00   0:00 
Doug Janik               0  1  1   1  0   2  0  2  1  0  0/0    27:12   3:34   5:05 
Dylan DeMelo             0  0  0   1  2   1  0  3  0  3  0/0    20:34   2:23   2:22 
Farm Player8             0  0  0   0  2   0  0  0  0  0  0/0    12:13   0:00   1:44 
Farm Player9             0  0  0   0  0   0  1  0  0  0  0/0     4:53   0:00   0:00 
Jack Skille              0  0  0   0  0   4  2  0  5  1  1/2    15:36   3:40   1:13 
Jamie MacQueen           0  0  0   1  0   2  0  0  1  3  0/0    16:19   0:00   1:50 
Jerome Samson            1  0  1   1  2   2  2  0  4  2  0/1    24:01   3:40   4:11 
Kale Kessy               0  0  0   1  5   2  3  0  0  0  1/2    13:08   0:00   0:00 
Kevin Sundher            0  1  1   1  0   4  1  1  3  0  2/7    14:46   0:00   0:00 
Max Reinhart             0  0  0   1  0   0  0  3  0  3  13/29  25:18   3:40   5:27 
Maxime Sauve             0  0  0   0  0   1  3  1  0  0  0/0    19:04   2:17   0:00 
Nick Cousins             0  0  0   0  2   1  0  0  2  0  0/0     7:10   0:00   0:00 
Nick Drazenovic          0  0  0   0  0   2  0  0  1  0  5/17   19:04   2:17   0:00 
Peter Andersson          0  0  0   1  0   3  0  1  0  1  0/0    20:53   2:23   2:44 
Rasmus Ristolainen       1  1  2   1  0   10 2  3  4  3  0/0    27:12   3:34   5:05 
Spencer Abbott           0  0  0   0  0   3  3  0  2  1  0/0    20:32   2:17   1:13 

3 Stars

1 - Rasmus Ristolainen (RCH)
2 - Petr Mrazek (RCH)
3 - Dustin Tokarski (CON)

Power Play

Whale - 1 on 4 Attempt(s) - 25.00%
Americans - 0 on 3 Attempt(s) - 0.00%

Penalty Kill

Whale - 3 on 3 Attempt(s) - 100.00% - Score 0 goal in Penalty Kill
Americans - 3 on 4 Attempt(s) - 75.00% - Score 0 goal in Penalty Kill

Official

Referees : Unknown
Linesman : Unknown

Game Notes

Christopher Breen is injured at 14:05 of 2nd period (Sprained Left Ankle)
Kale Kessy beats up Justin Falk at 1:59 of 3rd period

Finance

Level 1 -- Attendance: 1445 (72.25%) -- Ticket Income $47,685
Level 2 -- Attendance: 814 (81.40%) -- Ticket Income $11,396
Total Attendance: 2259 (75.30%)
Total Ticket Income: $59,081
Other Income: $28,950
Total Income: $88,031

Whale

5 vs 5 Forward 
   Center                   Left Wing                Right Wing               Time % Phy DF OF 
 1 Colin Fraser             Nick Tarnasky            Radek Dvorak             35     1   2  2  
 2 Kelly Zajac              Mike Hedden              Jon Sim                  30     1   2  2  
 3 Chris McKelvie           Brendan Ranford          James Livingston         22     1   2  2  
 4 Radek Dvorak             Jay Rosehill             Derek Nesbitt            13     1   2  2  

5 vs 5 Defense 
   Defense                  Defense                                           Time % Phy DF OF 
 1 Justin Falk              Denis Grebeshkov                                  35     1   2  2  
 2 Taylor Chorney           Dallas Jackson                                    30     1   2  2  
 3 Brent Regner             Mike Moore                                        22     1   2  2  
 4 Taylor Chorney           Justin Falk                                       13     1   2  2  

PowerPlay Forward 
   Center                   Left Wing                Right Wing               Time % Phy DF OF 
 1 Colin Fraser             Nick Tarnasky            Radek Dvorak             60     1   2  2  
 2 Kelly Zajac              Mike Hedden              Jon Sim                  40     1   2  2  

PowerPlay Defense
   Defense                  Defense                                           Time % Phy DF OF 
 1 Justin Falk              Denis Grebeshkov                                  60     1   2  2  
 2 Taylor Chorney           Dallas Jackson                                    40     1   2  2  

Penalty Kill 4 Players Forward 
   Center                   Wing                     Time % Phy DF OF 
 1 Radek Dvorak             Colin Fraser             60     1   2  2  
 2 Nick Tarnasky            Mike Hedden              40     1   2  2  

Penalty Kill 4 Players Defense
   Defense                  Defense                  Time % Phy DF OF 
 1 Justin Falk              Brent Regner             60     1   2  2  
 2 Taylor Chorney           Dallas Jackson           40     1   2  2  

Penalty Kill - 3 Players Forward 
   Forward                                           Time % Phy DF OF 
 1 Radek Dvorak                                      60     1   2  2  
 2 Colin Fraser                                      40     1   2  2  

Penalty Kill - 3 Players Defense
   Defense                  Defense                  Time % Phy DF OF 
 1 Justin Falk              Denis Grebeshkov         60     1   2  2  
 2 Taylor Chorney           Dallas Jackson           40     1   2  2  

4 vs 4 Forward 
   Center                   Wing                     Time % Phy DF OF 
 1 Radek Dvorak             Colin Fraser             60     1   2  2  
 2 Nick Tarnasky            Mike Hedden              40     1   2  2  

4 vs 4 Defense
   Defense                  Defense                  Time % Phy DF OF 
 1 Justin Falk              Mike Moore               60     1   2  2  
 2 Taylor Chorney           Dallas Jackson           40     1   2  2  

Last Minutes Offensive
   Center                   Left Wing                Right Wing               Defense                  Defense                  
   Colin Fraser             Nick Tarnasky            Radek Dvorak             Justin Falk              Denis Grebeshkov         

Last Minutes Defensive
   Center                   Left Wing                Right Wing               Defense                  Defense                  
   Colin Fraser             Nick Tarnasky            Radek Dvorak             Justin Falk              Denis Grebeshkov         

Goaltenders
Starting : Dustin Tokarski          
Backup : Tomas Vokoun             

Extra Forwards
Normal : Brendan Ranford, Jay Rosehill, James Livingston - PP : Brendan Ranford, Jay Rosehill - PK : James Livingston
Extra Defensemen
Normal : Brent Regner, Mike Moore, Justin Falk - PP : Brent Regner - PK : Mike Moore, Justin Falk
Penalty Shots
Radek Dvorak, Colin Fraser, Nick Tarnasky, Mike Hedden, Kelly Zajac

Americans

5 vs 5 Forward 
   Center                   Left Wing                Right Wing               Time % Phy DF OF 
 1 Max Reinhart             Jack Skille              Jerome Samson            35     1   2  2  
 2 Nick Drazenovic          Maxime Sauve             Spencer Abbott           30     1   2  2  
 3 Kevin Sundher            Jamie MacQueen           Kale Kessy               22     1   2  2  
 4 Nick Cousins             Max Reinhart             Jerome Samson            13     1   2  2  

5 vs 5 Defense 
   Defense                  Defense                                           Time % Phy DF OF 
 1 Rasmus Ristolainen       Doug Janik                                        35     1   2  2  
 2 Dylan DeMelo             Peter Andersson                                   30     1   2  2  
 3 Davis Drewiske           Christopher Breen                                 22     1   2  2  
 4 Farm Player8             Farm Player9                                      13     1   2  2  

PowerPlay Forward 
   Center                   Left Wing                Right Wing               Time % Phy DF OF 
 1 Max Reinhart             Jack Skille              Jerome Samson            60     1   2  2  
 2 Nick Drazenovic          Maxime Sauve             Spencer Abbott           40     1   2  2  

PowerPlay Defense
   Defense                  Defense                                           Time % Phy DF OF 
 1 Rasmus Ristolainen       Doug Janik                                        60     1   2  2  
 2 Dylan DeMelo             Peter Andersson                                   40     1   2  2  

Penalty Kill 4 Players Forward 
   Center                   Wing                     Time % Phy DF OF 
 1 Max Reinhart             Jerome Samson            60     1   2  2  
 2 Jack Skille              Spencer Abbott           40     1   2  2  

Penalty Kill 4 Players Defense
   Defense                  Defense                  Time % Phy DF OF 
 1 Rasmus Ristolainen       Doug Janik               60     1   2  2  
 2 Dylan DeMelo             Peter Andersson          40     1   2  2  

Penalty Kill - 3 Players Forward 
   Forward                                           Time % Phy DF OF 
 1 Max Reinhart                                      60     1   2  2  
 2 Jerome Samson                                     40     1   2  2  

Penalty Kill - 3 Players Defense
   Defense                  Defense                  Time % Phy DF OF 
 1 Rasmus Ristolainen       Doug Janik               60     1   2  2  
 2 Dylan DeMelo             Peter Andersson          40     1   2  2  

4 vs 4 Forward 
   Center                   Wing                     Time % Phy DF OF 
 1 Max Reinhart             Jerome Samson            60     1   2  2  
 2 Jack Skille              Spencer Abbott           40     1   2  2  

4 vs 4 Defense
   Defense                  Defense                  Time % Phy DF OF 
 1 Rasmus Ristolainen       Doug Janik               60     1   2  2  
 2 Dylan DeMelo             Peter Andersson          40     1   2  2  

Last Minutes Offensive
   Center                   Left Wing                Right Wing               Defense                  Defense                  
   Max Reinhart             Jack Skille              Jerome Samson            Rasmus Ristolainen       Doug Janik               

Last Minutes Defensive
   Center                   Left Wing                Right Wing               Defense                  Defense                  
   Max Reinhart             Jack Skille              Jerome Samson            Rasmus Ristolainen       Doug Janik               

Goaltenders
Starting : Petr Mrazek              
Backup : Louis Domingue           

Extra Forwards
Normal : Kevin Sundher, Nick Cousins, Jamie MacQueen - PP : Kevin Sundher, Nick Cousins - PK : Jamie MacQueen
Extra Defensemen
Normal : Davis Drewiske, Christopher Breen, Farm Player8 - PP : Davis Drewiske - PK : Christopher Breen, Farm Player8
Penalty Shots
Max Reinhart, Jerome Samson, Jack Skille, Spencer Abbott, Nick Drazenovic

% Time on Ice - Whale

Lines # - Real PCT - Wanted PCT - Time Play
Normal Forward
1 - 25% - 35% - 11:24
2 - 32% - 30% - 14:59
3 - 30% - 22% - 13:45
4 - 13% - 13% - 6:05
Normal Defense
1 - 35% - 35% - 16:09
2 - 31% - 30% - 14:17
3 - 26% - 22% - 12:01
4 - 8% - 13% - 3:46
PP Forward
1 - 57% - 60% - 4:26
2 - 43% - 40% - 3:24
PP Defense
1 - 53% - 60% - 4:10
2 - 47% - 40% - 3:40
PK Forward
1 - 92% - 60% - 5:30
2 - 8% - 40% - 0:27
PK Defense
1 - 73% - 60% - 4:19
2 - 27% - 40% - 1:38
PK3 Forward
1 - 0% - 60%
2 - 0% - 40%
PK3 Defense
1 - 0% - 60%
2 - 0% - 40%
44 Forward
1 - 100% - 60% - 3:10
2 - 0% - 40% - 0:00
44 Defense
1 - 59% - 60% - 1:53
2 - 41% - 40% - 1:17
Last Minute Offensive  - 0:00
Last Minute Defensive  - 0:00
Total
Forward - 63:10
Defense - 63:10

% Time on Ice - Americans

Lines # - Real PCT - Wanted PCT - Time Play
Normal Forward
1 - 23% - 35% - 10:37
2 - 37% - 30% - 17:02
3 - 30% - 22% - 14:05
4 - 10% - 13% - 4:29
Normal Defense
1 - 35% - 35% - 16:18
2 - 32% - 30% - 14:51
3 - 22% - 22% - 10:11
4 - 11% - 13% - 4:53
PP Forward
1 - 62% - 60% - 3:40
2 - 38% - 40% - 2:17
PP Defense
1 - 60% - 60% - 3:34
2 - 40% - 40% - 2:23
PK Forward
1 - 84% - 60% - 6:37
2 - 16% - 40% - 1:13
PK Defense
1 - 65% - 60% - 5:05
2 - 35% - 40% - 2:45
PK3 Forward
1 - 0% - 60%
2 - 0% - 40%
PK3 Defense
1 - 0% - 60%
2 - 0% - 40%
44 Forward
1 - 100% - 60% - 3:10
2 - 0% - 40% - 0:00
44 Defense
1 - 71% - 60% - 2:15
2 - 29% - 40% - 0:55
Last Minute Offensive  - 0:00
Last Minute Defensive  - 0:00
Total
Forward - 63:10
Defense - 63:10

Play by Play

1st period


0:01 of 1st period - Max Reinhart wins face-off versus Colin Fraser in neutral zone.
0:16 of 1st period - Snap shot by Jack Skille.
0:16 of 1st period - Stopped by Dustin Tokarski without a rebound.
0:17 of 1st period - Colin Fraser wins face-off versus Max Reinhart in Whale zone.
0:17 of 1st period - Colin Fraser is hit by Jerome Samson.
0:35 of 1st period - Jerome Samson is hit by Colin Fraser and loses puck.
0:42 of 1st period - Justin Falk is hit by Jack Skille and loses puck.
1:23 of 1st period - Dallas Jackson is hit by Spencer Abbott and loses puck.
1:58 of 1st period - Snap shot by Jon Sim.
1:58 of 1st period - Shot Misses the Net.
2:00 of 1st period - Slapshot by Taylor Chorney.
2:00 of 1st period - Deflect By Jon Sim.
2:00 of 1st period - Stopped by Petr Mrazek with a rebound.
4:26 of 1st period - Justin Falk is hit by Farm Player9 and loses puck.
5:22 of 1st period - Minor Penalty to Nick Cousins for High sticking.
5:23 of 1st period - Colin Fraser wins face-off versus Max Reinhart in Americans zone.
6:45 of 1st period - Justin Falk is hit by Spencer Abbott and loses puck.
7:22 of 1st period - Penalty to Nick Cousins is over, Nick Cousins is back on ice.
8:19 of 1st period - Wrist shot by Nick Drazenovic.
8:19 of 1st period - Shot Misses the Net.
9:14 of 1st period - Christopher Breen is hit by James Livingston and loses puck.
9:29 of 1st period - Maxime Sauve is hit by Brendan Ranford and loses puck.
10:12 of 1st period - Slapshot by Rasmus Ristolainen.
10:12 of 1st period - Stopped by Dustin Tokarski with a rebound.
10:39 of 1st period - Max Reinhart is hit by James Livingston.
11:07 of 1st period - Colin Fraser is hit by Maxime Sauve.
11:13 of 1st period - Nick Drazenovic is hit by Justin Falk and loses puck.
11:52 of 1st period - Snap shot by Kevin Sundher.
11:52 of 1st period - Deflect By Kale Kessy.
11:52 of 1st period - Shot Blocked by Mike Hedden.
11:52 of 1st period - Puck is out of play.
11:53 of 1st period - Chris McKelvie wins face-off versus Kevin Sundher in Whale zone.
11:53 of 1st period - Chris McKelvie is hit by Rasmus Ristolainen.
12:46 of 1st period - Justin Falk is hit by Christopher Breen and loses puck.
13:14 of 1st period - Wrist shot by Jerome Samson.
13:14 of 1st period - Shot Blocked by Taylor Chorney.
13:34 of 1st period - Snap shot by Nick Tarnasky.
13:34 of 1st period - Stopped by Petr Mrazek with a rebound.
13:36 of 1st period - Wrist shot by Nick Tarnasky.
13:36 of 1st period - Stopped by Petr Mrazek without a rebound.
13:37 of 1st period - Kevin Sundher wins face-off versus Jay Rosehill in Americans zone.
14:14 of 1st period - Spencer Abbott is hit by Brendan Ranford and loses puck.
14:25 of 1st period - Slapshot by Radek Dvorak.
14:25 of 1st period - Deflect By Nick Tarnasky.
14:25 of 1st period - Shot Misses the Net.
14:25 of 1st period - Puck is out of play.
14:26 of 1st period - Colin Fraser wins face-off versus Nick Drazenovic in Americans zone.
14:55 of 1st period - Jerome Samson is hit by Mike Hedden and loses puck.
16:11 of 1st period - Rasmus Ristolainen is hit by Jay Rosehill and loses puck.
16:24 of 1st period - Colin Fraser is hit by Jack Skille and loses puck.
16:44 of 1st period - Slapshot by Kale Kessy.
16:44 of 1st period - Stopped by Dustin Tokarski with a rebound.
16:46 of 1st period - Slapshot by Peter Andersson.
16:46 of 1st period - Shot Misses the Net.
16:48 of 1st period - Snap shot by Kevin Sundher.
16:48 of 1st period - Stopped by Dustin Tokarski with a rebound.
16:50 of 1st period - Wrist shot by Kale Kessy.
16:50 of 1st period - Shot Blocked by Nick Tarnasky.
17:22 of 1st period - Maxime Sauve is hit by Jon Sim and loses puck.
17:52 of 1st period - Jamie MacQueen is hit by Justin Falk and loses puck.
18:58 of 1st period - Wrist shot by Nick Drazenovic.
18:58 of 1st period - Deflect By Spencer Abbott.
18:58 of 1st period - Stopped by Dustin Tokarski without a rebound.
18:59 of 1st period - Radek Dvorak wins face-off versus Nick Drazenovic in Whale zone.
19:16 of 1st period - Wrist shot by Jon Sim.
19:16 of 1st period - Stopped by Petr Mrazek without a rebound.
19:17 of 1st period - Kelly Zajac wins face-off versus Kevin Sundher in Americans zone.
19:18 of 1st period - Slapshot by Mike Hedden.
19:18 of 1st period - Shot Blocked by Dylan DeMelo.
19:28 of 1st period - Mike Hedden is hit by Kale Kessy and loses puck.
19:47 of 1st period - Wrist shot by Nick Drazenovic.
19:47 of 1st period - Shot Blocked by James Livingston.
Goals for this period are 0 for Whale vs 0 for Americans.
Shots for this period are 4 for Whale vs 5 for Americans.

2nd period


0:01 of 2nd period - Colin Fraser wins face-off versus Jack Skille in neutral zone.
0:04 of 2nd period - Slapshot by Nick Tarnasky.
0:04 of 2nd period - Shot Blocked by Doug Janik.
0:06 of 2nd period - Slapshot by Taylor Chorney.
0:06 of 2nd period - Shot Misses the Net.
0:45 of 2nd period - Icing by Colin Fraser.
0:46 of 2nd period - Kelly Zajac wins face-off versus Nick Drazenovic in Whale zone.
0:53 of 2nd period - Wrist shot by Mike Hedden.
0:53 of 2nd period - Stopped by Petr Mrazek without a rebound.
0:54 of 2nd period - Kelly Zajac wins face-off versus Nick Drazenovic in Americans zone.
1:11 of 2nd period - Snap shot by Jon Sim.
1:11 of 2nd period - Shot Misses the Net.
1:13 of 2nd period - Wrist shot by Kelly Zajac.
1:13 of 2nd period - Shot Misses the Net.
1:15 of 2nd period - Snap shot by Mike Moore.
1:15 of 2nd period - Stopped by Petr Mrazek without a rebound.
1:16 of 2nd period - Kevin Sundher wins face-off versus Chris McKelvie in Americans zone.
1:25 of 2nd period - Slapshot by Rasmus Ristolainen.
1:25 of 2nd period - Goal by Rasmus Ristolainen - Whale : 0 - Americans : 1.
1:26 of 2nd period - Colin Fraser wins face-off versus Max Reinhart in neutral zone.
2:03 of 2nd period - Slapshot by Jack Skille.
2:03 of 2nd period - Shot Misses the Net.
2:25 of 2nd period - Wrist shot by Mike Hedden.
2:25 of 2nd period - Stopped by Petr Mrazek with a rebound.
2:27 of 2nd period - Snap shot by Jon Sim.
2:27 of 2nd period - Shot Blocked by Maxime Sauve.
2:29 of 2nd period - Snap shot by Jon Sim.
2:29 of 2nd period - Stopped by Petr Mrazek with a rebound.
2:31 of 2nd period - Slapshot by Dallas Jackson.
2:31 of 2nd period - Deflect By Mike Hedden.
2:31 of 2nd period - Stopped by Petr Mrazek without a rebound.
2:32 of 2nd period - Kelly Zajac wins face-off versus Kevin Sundher in Americans zone.
2:49 of 2nd period - Snap shot by Jon Sim.
2:49 of 2nd period - Stopped by Petr Mrazek with a rebound.
3:30 of 2nd period - Snap shot by Nick Drazenovic.
3:30 of 2nd period - Shot Misses the Net.
3:47 of 2nd period - Minor Penalty to Farm Player8 for Holding.
3:48 of 2nd period - Max Reinhart wins face-off versus Colin Fraser in Americans zone.
4:03 of 2nd period - Slapshot by Radek Dvorak.
4:03 of 2nd period - Shot Misses the Net.
4:15 of 2nd period - Wrist shot by Nick Tarnasky.
4:15 of 2nd period - Shot Misses the Net.
4:17 of 2nd period - Slapshot by Justin Falk.
4:17 of 2nd period - Deflect By Colin Fraser.
4:17 of 2nd period - Shot Misses the Net.
4:17 of 2nd period - Puck is out of play.
4:18 of 2nd period - Kelly Zajac wins face-off versus Max Reinhart in Americans zone.
4:29 of 2nd period - Slapshot by Mike Hedden.
4:29 of 2nd period - Deflect By Kelly Zajac.
4:29 of 2nd period - Stopped by Petr Mrazek without a rebound.
4:30 of 2nd period - Kelly Zajac wins face-off versus Max Reinhart in Americans zone.
4:54 of 2nd period - Snap shot by Kelly Zajac.
4:54 of 2nd period - Shot Blocked by Max Reinhart.
4:58 of 2nd period - Slapshot by Mike Hedden.
4:58 of 2nd period - Shot Misses the Net.
5:22 of 2nd period - Nick Tarnasky is hit by Spencer Abbott and loses puck.
5:27 of 2nd period - Snap shot by Jack Skille.
5:27 of 2nd period - Stopped by Dustin Tokarski with a rebound.
5:45 of 2nd period - Slapshot by Taylor Chorney.
5:45 of 2nd period - Shot Blocked by Rasmus Ristolainen.
5:47 of 2nd period - Penalty to Farm Player8 is over, Farm Player8 is back on ice.
6:01 of 2nd period - Snap shot by Brendan Ranford.
6:01 of 2nd period - Stopped by Petr Mrazek without a rebound.
6:02 of 2nd period - Chris McKelvie wins face-off versus Kale Kessy in Americans zone.
6:24 of 2nd period - Wrist shot by Kevin Sundher.
6:24 of 2nd period - Stopped by Dustin Tokarski with a rebound.
6:30 of 2nd period - Wrist shot by Chris McKelvie.
6:30 of 2nd period - Shot Misses the Net.
6:32 of 2nd period - Wrist shot by Chris McKelvie.
6:32 of 2nd period - Shot Blocked by Kevin Sundher.
6:34 of 2nd period - Snap shot by Mike Moore.
6:34 of 2nd period - Stopped by Petr Mrazek without a rebound.
6:35 of 2nd period - Kelly Zajac wins face-off versus Nick Drazenovic in Americans zone.
6:36 of 2nd period - Wrist shot by Mike Hedden.
6:36 of 2nd period - Stopped by Petr Mrazek with a rebound.
6:38 of 2nd period - Slapshot by Jon Sim.
6:38 of 2nd period - Shot Misses the Net.
6:40 of 2nd period - Wrist shot by Mike Hedden.
6:40 of 2nd period - Shot Misses the Net.
6:42 of 2nd period - Slapshot by Justin Falk.
6:42 of 2nd period - Stopped by Petr Mrazek without a rebound.
6:43 of 2nd period - Nick Drazenovic wins face-off versus Kelly Zajac in Americans zone.
6:48 of 2nd period - Off-side.
6:49 of 2nd period - Nick Drazenovic wins face-off versus Kelly Zajac in neutral zone.
7:02 of 2nd period - Snap shot by Rasmus Ristolainen.
7:02 of 2nd period - Shot Blocked by Justin Falk.
7:22 of 2nd period - Slapshot by Mike Hedden.
7:22 of 2nd period - Stopped by Petr Mrazek without a rebound.
7:23 of 2nd period - Colin Fraser wins face-off versus Max Reinhart in Americans zone.
7:24 of 2nd period - Slapshot by Radek Dvorak.
7:24 of 2nd period - Stopped by Petr Mrazek without a rebound.
7:25 of 2nd period - Max Reinhart wins face-off versus Nick Tarnasky in Americans zone.
7:38 of 2nd period - Snap shot by Jack Skille.
7:38 of 2nd period - Shot Blocked by Taylor Chorney.
7:54 of 2nd period - Backhand shot by Nick Tarnasky.
7:54 of 2nd period - Stopped by Petr Mrazek with a rebound.
8:23 of 2nd period - Rasmus Ristolainen is hit by Jon Sim and loses puck.
9:15 of 2nd period - Chris McKelvie is hit by Maxime Sauve.
9:56 of 2nd period - Minor Penalty to Jerome Samson for Goalie Interference.
9:57 of 2nd period - Max Reinhart wins face-off versus Nick Tarnasky in Americans zone.
10:37 of 2nd period - Slapshot by Jon Sim.
10:37 of 2nd period - Stopped by Petr Mrazek without a rebound.
10:38 of 2nd period - Kelly Zajac wins face-off versus Max Reinhart in Americans zone.
10:55 of 2nd period - Slapshot by Mike Hedden.
10:55 of 2nd period - Shot Blocked by Rasmus Ristolainen.
10:57 of 2nd period - Snap shot by Kelly Zajac.
10:57 of 2nd period - Shot Blocked by Rasmus Ristolainen.
11:47 of 2nd period - Snap shot by Nick Tarnasky.
11:47 of 2nd period - Shot Misses the Net.
11:49 of 2nd period - Snap shot by Colin Fraser.
11:49 of 2nd period - Goal by Colin Fraser - Whale : 1 - Americans : 1.
11:50 of 2nd period - Chris McKelvie wins face-off versus Nick Drazenovic in neutral zone.
12:27 of 2nd period - Snap shot by Chris McKelvie.
12:27 of 2nd period - Shot Blocked by Dylan DeMelo.
12:52 of 2nd period - Minor Penalty to Dylan DeMelo for Slashing.
12:53 of 2nd period - Kelly Zajac wins face-off versus Max Reinhart in Americans zone.
12:58 of 2nd period - Snap shot by Mike Hedden.
12:58 of 2nd period - Stopped by Petr Mrazek with a rebound.
14:04 of 2nd period - Christopher Breen is hit by Nick Tarnasky and loses puck.
14:05 of 2nd period - Christopher Breen from Americans is injured at 14:05 of 2nd period (Sprained Left Ankle).
14:06 of 2nd period - Max Reinhart wins face-off versus Colin Fraser in Americans zone.
14:15 of 2nd period - Wrist shot by Nick Tarnasky.
14:15 of 2nd period - Shot Misses the Net.
14:17 of 2nd period - Slapshot by Justin Falk.
14:17 of 2nd period - Shot Blocked by Max Reinhart.
14:19 of 2nd period - Slapshot by Justin Falk.
14:19 of 2nd period - Stopped by Petr Mrazek without a rebound.
14:20 of 2nd period - Max Reinhart wins face-off versus Colin Fraser in Americans zone.
14:41 of 2nd period - Snap shot by Jerome Samson.
14:41 of 2nd period - Stopped by Dustin Tokarski with a rebound.
14:52 of 2nd period - Penalty to Dylan DeMelo is over, Dylan DeMelo is back on ice.
14:55 of 2nd period - Off-side.
14:56 of 2nd period - Kelly Zajac wins face-off versus Nick Drazenovic in neutral zone.
15:18 of 2nd period - Snap shot by Nick Drazenovic.
15:18 of 2nd period - Shot Blocked by Taylor Chorney.
15:20 of 2nd period - Slapshot by Peter Andersson.
15:20 of 2nd period - Stopped by Dustin Tokarski with a rebound.
15:22 of 2nd period - Snap shot by Peter Andersson.
15:22 of 2nd period - Stopped by Dustin Tokarski without a rebound.
15:23 of 2nd period - Chris McKelvie wins face-off versus Kevin Sundher in Whale zone.
15:23 of 2nd period - Chris McKelvie is hit by Kale Kessy.
15:37 of 2nd period - Slapshot by Rasmus Ristolainen.
15:37 of 2nd period - Shot Misses the Net.
15:39 of 2nd period - Slapshot by Kale Kessy.
15:39 of 2nd period - Stopped by Dustin Tokarski without a rebound.
15:40 of 2nd period - Chris McKelvie wins face-off versus Kevin Sundher in Whale zone.
15:40 of 2nd period - Chris McKelvie is hit by Kale Kessy.
15:51 of 2nd period - Slapshot by Rasmus Ristolainen.
15:51 of 2nd period - Shot Blocked by Justin Falk.
15:53 of 2nd period - Wrist shot by Kale Kessy.
15:53 of 2nd period - Shot Misses the Net.
15:57 of 2nd period - Slapshot by Rasmus Ristolainen.
15:57 of 2nd period - Shot Misses the Net.
15:59 of 2nd period - Wrist shot by Rasmus Ristolainen.
15:59 of 2nd period - Shot Blocked by Justin Falk.
16:04 of 2nd period - Minor Penalty to Denis Grebeshkov for Hooking.
16:05 of 2nd period - Max Reinhart wins face-off versus Colin Fraser in Whale zone.
16:11 of 2nd period - Slapshot by Rasmus Ristolainen.
16:11 of 2nd period - Deflect By Jack Skille.
16:11 of 2nd period - Shot Blocked by Justin Falk.
16:11 of 2nd period - Puck is out of play.
16:12 of 2nd period - Jack Skille wins face-off versus Radek Dvorak in Whale zone.
16:33 of 2nd period - Snap shot by Jack Skille.
16:33 of 2nd period - Deflect By Justin Falk.
16:33 of 2nd period - Shot Blocked by Brent Regner.
16:33 of 2nd period - Puck is out of play.
16:34 of 2nd period - Radek Dvorak wins face-off versus Nick Drazenovic in Whale zone.
16:50 of 2nd period - Slapshot by Rasmus Ristolainen.
16:50 of 2nd period - Shot Blocked by Colin Fraser.
16:52 of 2nd period - Slapshot by Maxime Sauve.
16:52 of 2nd period - Stopped by Dustin Tokarski with a rebound.
16:54 of 2nd period - Slapshot by Rasmus Ristolainen.
16:54 of 2nd period - Stopped by Dustin Tokarski without a rebound.
16:55 of 2nd period - Radek Dvorak wins face-off versus Max Reinhart in Whale zone.
18:04 of 2nd period - Penalty to Denis Grebeshkov is over, Denis Grebeshkov is back on ice.
18:29 of 2nd period - Slapshot by Doug Janik.
18:29 of 2nd period - Stopped by Dustin Tokarski with a rebound.
18:45 of 2nd period - Jon Sim is hit by Rasmus Ristolainen and loses puck.
19:12 of 2nd period - Snap shot by Nick Cousins.
19:12 of 2nd period - Stopped by Dustin Tokarski with a rebound.
19:40 of 2nd period - Wrist shot by Nick Drazenovic.
19:40 of 2nd period - Stopped by Dustin Tokarski with a rebound.
Goals for this period are 1 for Whale vs 1 for Americans.
Shots for this period are 18 for Whale vs 12 for Americans.

3rd period


0:01 of 3rd period - Colin Fraser wins face-off versus Max Reinhart in neutral zone.
0:12 of 3rd period - Wrist shot by Nick Tarnasky.
0:12 of 3rd period - Shot Blocked by Max Reinhart.
0:41 of 3rd period - Icing by Colin Fraser.
0:42 of 3rd period - Nick Drazenovic wins face-off versus Colin Fraser in Whale zone.
1:18 of 3rd period - Snap shot by Jon Sim.
1:18 of 3rd period - Shot Misses the Net.
1:59 of 3rd period - Kale Kessy beats up Justin Falk.
1:59 of 3rd period - Penalty to Kale Kessy for Fighting.
1:59 of 3rd period - Penalty to Justin Falk for Fighting.
2:00 of 3rd period - Chris McKelvie wins face-off versus Max Reinhart in Whale zone.
2:14 of 3rd period - Snap shot by Brent Regner.
2:14 of 3rd period - Stopped by Petr Mrazek without a rebound.
2:15 of 3rd period - Max Reinhart wins face-off versus Chris McKelvie in Americans zone.
3:48 of 3rd period - Slapshot by Kevin Sundher.
3:48 of 3rd period - Stopped by Dustin Tokarski with a rebound.
4:54 of 3rd period - Slapshot by Rasmus Ristolainen.
4:54 of 3rd period - Stopped by Dustin Tokarski with a rebound.
5:10 of 3rd period - Slapshot by Rasmus Ristolainen.
5:10 of 3rd period - Shot Misses the Net.
5:12 of 3rd period - Snap shot by Spencer Abbott.
5:12 of 3rd period - Shot Blocked by Derek Nesbitt.
5:14 of 3rd period - Snap shot by Spencer Abbott.
5:14 of 3rd period - Deflect By Jay Rosehill.
5:14 of 3rd period - Shot Misses the Net.
5:14 of 3rd period - Puck is out of play.
5:15 of 3rd period - Nick Drazenovic wins face-off versus Chris McKelvie in Whale zone.
5:35 of 3rd period - Minor Penalty to Brent Regner for Holding.
5:36 of 3rd period - Max Reinhart wins face-off versus Colin Fraser in Whale zone.
5:45 of 3rd period - Slapshot by Rasmus Ristolainen.
5:45 of 3rd period - Stopped by Dustin Tokarski with a rebound.
6:21 of 3rd period - Slapshot by Rasmus Ristolainen.
6:21 of 3rd period - Stopped by Dustin Tokarski without a rebound.
6:22 of 3rd period - James Livingston wins face-off versus Nick Drazenovic in Whale zone.
6:45 of 3rd period - Snap shot by Spencer Abbott.
6:45 of 3rd period - Stopped by Dustin Tokarski without a rebound.
6:46 of 3rd period - Radek Dvorak wins face-off versus Max Reinhart in Whale zone.
6:59 of 3rd period - Penalty to Justin Falk is over, Justin Falk is back on ice.
7:13 of 3rd period - Jerome Samson is hit by Colin Fraser and loses puck.
7:20 of 3rd period - Snap shot by Colin Fraser.
7:20 of 3rd period - Stopped by Petr Mrazek with a rebound.
7:35 of 3rd period - Penalty to Brent Regner is over, Brent Regner is back on ice.
7:47 of 3rd period - Icing by Mike Moore.
7:48 of 3rd period - Kelly Zajac wins face-off versus Nick Drazenovic in Whale zone.
7:48 of 3rd period - Kelly Zajac is hit by Maxime Sauve.
7:54 of 3rd period - Nick Drazenovic is hit by Kelly Zajac and loses puck.
8:19 of 3rd period - Snap shot by Jon Sim.
8:19 of 3rd period - Shot Blocked by Peter Andersson.
8:44 of 3rd period - Wrist shot by Brendan Ranford.
8:44 of 3rd period - Stopped by Petr Mrazek with a rebound.
8:46 of 3rd period - Slapshot by Brendan Ranford.
8:46 of 3rd period - Stopped by Petr Mrazek without a rebound.
8:47 of 3rd period - Kale Kessy wins face-off versus Radek Dvorak in Americans zone.
8:58 of 3rd period - Slapshot by Jamie MacQueen.
8:58 of 3rd period - Stopped by Dustin Tokarski with a rebound.
9:00 of 3rd period - Wrist shot by Kevin Sundher.
9:00 of 3rd period - Shot Misses the Net.
9:08 of 3rd period - Backhand shot by Kale Kessy.
9:08 of 3rd period - Shot Blocked by Justin Falk.
9:12 of 3rd period - Snap shot by Jamie MacQueen.
9:12 of 3rd period - Stopped by Dustin Tokarski without a rebound.
9:13 of 3rd period - James Livingston wins face-off versus Jerome Samson in Whale zone.
9:38 of 3rd period - Snap shot by Brendan Ranford.
9:38 of 3rd period - Stopped by Petr Mrazek with a rebound.
10:20 of 3rd period - Snap shot by Mike Hedden.
10:20 of 3rd period - Deflect By Kelly Zajac.
10:20 of 3rd period - Shot Blocked by Doug Janik.
10:20 of 3rd period - Puck is out of play.
10:21 of 3rd period - Max Reinhart wins face-off versus Radek Dvorak in Americans zone.
10:21 of 3rd period - Max Reinhart is hit by Colin Fraser.
11:08 of 3rd period - Icing by Peter Andersson.
11:09 of 3rd period - Kelly Zajac wins face-off versus Nick Drazenovic in Americans zone.
11:16 of 3rd period - Slapshot by Mike Hedden.
11:16 of 3rd period - Shot Blocked by Dylan DeMelo.
11:18 of 3rd period - Snap shot by Kelly Zajac.
11:18 of 3rd period - Deflect By Jon Sim.
11:18 of 3rd period - Stopped by Petr Mrazek with a rebound.
11:20 of 3rd period - Snap shot by Mike Hedden.
11:20 of 3rd period - Stopped by Petr Mrazek with a rebound.
11:58 of 3rd period - Snap shot by Brendan Ranford.
11:58 of 3rd period - Stopped by Petr Mrazek with a rebound.
12:32 of 3rd period - Snap shot by Nick Tarnasky.
12:32 of 3rd period - Shot Misses the Net.
13:12 of 3rd period - Rasmus Ristolainen is hit by Denis Grebeshkov.
13:40 of 3rd period - Snap shot by Nick Drazenovic.
13:40 of 3rd period - Stopped by Dustin Tokarski with a rebound.
13:42 of 3rd period - Snap shot by Nick Drazenovic.
13:42 of 3rd period - Shot Blocked by Taylor Chorney.
14:54 of 3rd period - Jack Skille is hit by Dallas Jackson.
15:49 of 3rd period - Slapshot by Jerome Samson.
15:49 of 3rd period - Shot Misses the Net.
15:53 of 3rd period - Slapshot by Rasmus Ristolainen.
15:53 of 3rd period - Stopped by Dustin Tokarski with a rebound.
16:16 of 3rd period - Snap shot by Jay Rosehill.
16:16 of 3rd period - Stopped by Petr Mrazek with a rebound.
16:18 of 3rd period - Slapshot by Derek Nesbitt.
16:18 of 3rd period - Stopped by Petr Mrazek with a rebound.
16:57 of 3rd period - Minor Penalty to Mike Hedden for Hooking.
16:58 of 3rd period - Radek Dvorak wins face-off versus Max Reinhart in Whale zone.
17:34 of 3rd period - Wrist shot by Rasmus Ristolainen.
17:34 of 3rd period - Deflect By Nick Drazenovic.
17:34 of 3rd period - Shot Blocked by Justin Falk.
17:34 of 3rd period - Puck is out of play.
17:35 of 3rd period - Nick Drazenovic wins face-off versus Chris McKelvie in Whale zone.
17:56 of 3rd period - Snap shot by Jack Skille.
17:56 of 3rd period - Stopped by Dustin Tokarski without a rebound.
17:57 of 3rd period - Radek Dvorak wins face-off versus Max Reinhart in Whale zone.
18:20 of 3rd period - Slapshot by Rasmus Ristolainen.
18:20 of 3rd period - Shot Blocked by Brent Regner.
18:22 of 3rd period - Slapshot by Doug Janik.
18:22 of 3rd period - Deflect By Justin Falk.
18:22 of 3rd period - Stopped by Dustin Tokarski without a rebound.
18:23 of 3rd period - Nick Tarnasky wins face-off versus Nick Drazenovic in Whale zone.
18:43 of 3rd period - Slapshot by Peter Andersson.
18:43 of 3rd period - Stopped by Dustin Tokarski with a rebound.
18:45 of 3rd period - Wrist shot by Jack Skille.
18:45 of 3rd period - Stopped by Dustin Tokarski with a rebound.
18:47 of 3rd period - Slapshot by Dylan DeMelo.
18:47 of 3rd period - Deflect By Jerome Samson.
18:47 of 3rd period - Shot Misses the Net.
18:47 of 3rd period - Puck is out of play.
18:48 of 3rd period - Radek Dvorak wins face-off versus Max Reinhart in Whale zone.
18:57 of 3rd period - Penalty to Mike Hedden is over, Mike Hedden is back on ice.
19:11 of 3rd period - Slapshot by Rasmus Ristolainen.
19:11 of 3rd period - Stopped by Dustin Tokarski with a rebound.
19:13 of 3rd period - Wrist shot by Spencer Abbott.
19:13 of 3rd period - Stopped by Dustin Tokarski with a rebound.
19:50 of 3rd period - Mike Hedden is hit by Kevin Sundher and loses puck.
Goals for this period are 0 for Whale vs 0 for Americans.
Shots for this period are 10 for Whale vs 15 for Americans.

Overtime #1


0:01 of 1st overtime period - Max Reinhart wins face-off versus Radek Dvorak in neutral zone.
0:26 of 1st overtime period - Slapshot by Rasmus Ristolainen.
0:26 of 1st overtime period - Stopped by Dustin Tokarski without a rebound.
0:27 of 1st overtime period - Max Reinhart wins face-off versus Radek Dvorak in Whale zone.
0:32 of 1st overtime period - Snap shot by Rasmus Ristolainen.
0:32 of 1st overtime period - Deflect By Radek Dvorak.
0:32 of 1st overtime period - Stopped by Dustin Tokarski with a rebound.
0:42 of 1st overtime period - Slapshot by Colin Fraser.
0:42 of 1st overtime period - Stopped by Petr Mrazek without a rebound.
0:43 of 1st overtime period - Radek Dvorak wins face-off versus Max Reinhart in Americans zone.
1:43 of 1st overtime period - Colin Fraser is hit by Jerome Samson and loses puck.
2:08 of 1st overtime period - Peter Andersson is hit by Jay Rosehill and loses puck.
2:13 of 1st overtime period - Snap shot by Jay Rosehill.
2:13 of 1st overtime period - Shot Misses the Net.
2:21 of 1st overtime period - Slapshot by Dylan DeMelo.
2:21 of 1st overtime period - Shot Misses the Net.
2:23 of 1st overtime period - Wrist shot by Kevin Sundher.
2:23 of 1st overtime period - Stopped by Dustin Tokarski with a rebound.
2:43 of 1st overtime period - Slapshot by Dylan DeMelo.
2:43 of 1st overtime period - Stopped by Dustin Tokarski with a rebound.
2:58 of 1st overtime period - Slapshot by Doug Janik.
2:58 of 1st overtime period - Deflect By Jamie MacQueen.
2:58 of 1st overtime period - Shot Misses the Net.
2:58 of 1st overtime period - Puck is out of play.
2:59 of 1st overtime period - Max Reinhart wins face-off versus Radek Dvorak in Whale zone.
3:10 of 1st overtime period - Snap shot by Jerome Samson.
3:10 of 1st overtime period - Goal by Jerome Samson - Whale : 1 - Americans : 2.
Goals for this period are 0 for Whale vs 1 for Americans.
Shots for this period are 1 for Whale vs 5 for Americans.


Output by the SimonT Hockey Simulator (STHS) for Eric Dolegowski -- Original Page W3C XHTML 1.0 Valid
Hockey Simulator - Hockey Simulation - Hockey Manager